 Dungeon Crawl Stone Soup version 0.29-a0-330-g52719c12eb (webtiles) character file.

Game seed: 4660164398075595353

15 night the Shooter (level 2, -1/15 HPs)
             Began as a Vine Stalker Hunter on May 5, 2022.
             Slain by a kobold
             ... wielding a +0 short sword
              (2 damage)
             ... on level 1 of the Dungeon.
             The game lasted 00:01:01 (582 turns).

night the Shooter (Vine Stalker Hunter)              Turns: 582, Time: 00:01:01

Health: -1/15      AC:  3    Str: 13    XL:     2   Next: 50%
Magic:  0/3        EV: 11    Int:  9    God:
Gold:   50         SH:  0    Dex: 17    Spells: 1/1 levels left

rFire   . . .      SeeInvis .   a - +1 shortbow
rCold   . . .      Faith    .   (shield currently unavailable)
rNeg    . . .      Spirit   +   b - +0 leather armour
rPois   .          Reflect  .   (no helmet)
rElec   .          Harm     .   (no cloak)
rCorr   .          Rampage  .   (no gloves)
Will    .....                   (no boots)
Stlth   ++........              (no amulet)
HPRegen 0.05/turn               (no ring)
MPRegen 0.08/turn               (no ring)

@: no status effects
A: fangs 2, magic shield, antimagic bite, no potion heal 2
a: no special abilities


You were on level 1 of the Dungeon.
You visited 1 branch of the dungeon, and saw 1 of its levels.

You collected 50 gold pieces.

Inventory:

Hand Weapons
 a - a +1 shortbow (weapon)
Missiles
 d - 6 atropa-tipped darts
 h - 59 stones
Armour
 b - a +0 leather armour (worn)
Scrolls
 c - a scroll of immolation
 e - a scroll of vulnerability {unknown}
 f - a scroll of teleportation {unknown}
Potions
 g - a potion of attraction {unknown}
 i - a potion of heal wounds {unknown}


   Skills:
 - Level 1.7 Fighting
 + Level 4.2 Bows
 - Level 1.5 Dodging
 - Level 1.2 Stealth


You had one spell level left.
You didn't know any spells.
Your spell library was empty.

Dungeon Overview and Level Annotations

Branches:
Dungeon (1/15)

Altars:


Innate Abilities, Weirdness & Mutations

You have extremely sharp teeth.
When hurt, damage is shared between your health and your magic reserves.
Your bite disrupts and absorbs the magic of your enemies.
Potions cannot restore your health.


Message History

You see here a rat corpse.
A hobgoblin comes into view.
You shoot an arrow. The arrow hits the hobgoblin.
The hobgoblin is heavily wounded.
You shoot an arrow. The arrow barely misses the hobgoblin.
You shoot an arrow. The arrow hits the hobgoblin!
You kill the hobgoblin!
A bat comes into view.
You shoot an arrow.
The arrow hits the bat but does no damage.
The bat closely misses you.
You shoot an arrow. The arrow hits the bat!
You kill the bat!
A kobold comes into view. It is wielding a +0 short sword.
You shoot an arrow. The arrow closely misses the kobold.
The kobold hits you with a +0 short sword. x2
You shoot an arrow. The arrow closely misses the kobold.
The kobold closely misses you.
You shoot an arrow. The arrow closely misses the kobold.
The kobold barely misses you.
You shoot an arrow. The arrow barely misses the kobold.
The kobold hits you with a +0 short sword. x2
You are too injured to fight recklessly!
The kobold hits you with a +0 short sword.
* * * LOW HITPOINT WARNING * * *
The kobold attacks as you move away! The kobold closely misses you.
The kobold attacks as you move away!
The kobold hits you with a +0 short sword.
* * * LOW HITPOINT WARNING * * *
The kobold attacks as you move away! The kobold barely misses you.
You are not religious.
The kobold attacks as you move away!
The kobold hits you with a +0 short sword.
* * * LOW HITPOINT WARNING * * *
The kobold attacks as you move away!
The kobold hits you with a +0 short sword.
* * * LOW HITPOINT WARNING * * *
The kobold attacks as you move away!
The kobold hits you with a +0 short sword.
You die...

##...## #.# #≈.≈≈≈≈≈# #.....##
##.### #.≈≈≈≈≈≈# .......##
##....# #P.≈≈≈≈P# #
........####...#.#####..≈≈≈≈#####
........'..........#<.≈≈≈≈≈P#...'
........####...#.################
.......## ##.##.# #.# # #.....##
####.# #.# ##...## #@# #.# ###+##
#K# #.# ### ..#.# #.# #.# #..
#.#.# #.# #.# ###..
#.#.############.# #.# #....
.................# #.###....
......############ #........
...†..# #######.. ..#.#.# #..


You could see a kobold.

Vanquished Creatures
  An endoplasm (D:1)
  A giant cockroach (D:1)
  A goblin (D:1)
  3 hobgoblins (D:1)
  A quokka (D:1)
  A ball python (D:1)
  3 bats (D:1)
  A frilled lizard (D:1)
  3 rats (D:1)
15 creatures vanquished.

Notes
Turn   | Place    | Note
-------+----------+-------------------------------------------
     0 | D:1      | night the Vine Stalker Hunter began the quest for the Orb.
     0 | D:1      | Reached XP level 1. HP: 11/11 MP: 2/2
   287 | D:1      | Reached skill level 4 in Bows
   287 | D:1      | Reached XP level 2. HP: 15/15 MP: 3/3
   570 | D:1      | HP: 2/15 [kobold/+0 short sword (1)]
   579 | D:1      | HP: 2/15 [kobold/+0 short sword (1)]
   582 | D:1      | Slain by a kobold

Illustrated notes

Levels and vault maps discovered:
D:1:      lightli_arrival_windingriver, layout_loops_corners, item_on_display_a

Skill      XL: |  1 |
---------------+----+-----
Bows           | 4 |  4.2
Fighting       | |  1.7
Dodging        | |  1.5
Stealth        | |  1.2

Action                   || total
-------------------------++-------
 Fire: Shortbow          ||    37
Armor: Leather armour    ||     3
Dodge: Dodged            ||     9

Table legend: (Time is in decaauts)
 A = Elapsed time spent in this place.
 B = Non-inter-level travel time spent in this place.
 C = Inter-level travel time spent in this place.
 D = Time resting spent in this place.
 E = Time spent auto-exploring this place.
 F = Levels seen in this place.
 G = Mean time per level.
                   A        B        C        D        E       F      G
               +--------+--------+--------+--------+--------+-----+--------+
         Total |    597 |    597 |      0 |      0 |    502 |   1 |  597.0 |
       Dungeon |    597 |    597 |      0 |      0 |    502 |   1 |  597.0 |
               +--------+--------+--------+--------+--------+-----+--------+

Top non-repeatable levels by time:
     D:1: 597 daAuts
